AoeStats
← TitoLoco107

Golden Pit

509144201Analyzed
1v1 RM · 8d ago on Sep 25, 2026· 123m 53s· 2 players
Game mode
Random Map
Map size
Tiny (2 player)
Population
200
Speed
Normal
Resources
Standard
Victory
Conquest
Starting age
Dark Age
Ending age
Imperial Age
RankedLock teamsTeams togetherTeam positionsShared explorationLock speedFull tech treeHidden civsTurbo modeCheats
Victory
Defeat
🇺🇸 Turks · United States
205
+22
🇪🇸 Turks · Spain
353
-22
ROPElewski
0:44 Loom
13:03 Feudal Age
13:29 Town Watch
15:39 Horse Collar
15:49 Double-Bit Axe
22:49 Castle Age
21:37 Fletching
25:40 Bodkin Arrow
25:43 Murder Holes
26:49 Stone Mining
28:32 Ballistics
31:05 Treadmill Crane
37:45 Imperial Age
35:57 Fervor
36:08 Sanctity
37:07 Masonry
38:27 Bracer
38:33 Gold Mining
41:48 Wheelbarrow
43:12 Hoardings
43:16 Artillery
45:45 Bow Saw
46:47 Conscription
47:21 Gold Shaft Mining
47:02 Guard Tower
48:30 Town Patrol
54:52 Hand Cart
54:41 Heavy Plow
58:47 Arrowslits
59:33 Architecture
59:15 Fortified Wall
59:59 Theocracy
59:34 Redemption
67:47 Guilds
68:50 Elite Janissary
69:34 Padded Archer Armor
69:35 Scale Mail Armor
69:41 Scale Barding Armor
74:19 Keep
73:59 Forging
87:04 Chain Barding Armor
87:00 Chain Mail Armor
87:00 Leather Archer Armor
87:21 Iron Casting
90:37 Two-Man Saw
94:12 Arson
94:27 Squires
93:48 Man-at-Arms
96:00 Husbandry
96:11 Bloodlines
95:26 Cavalier
TitoLoco107
6:11 Loom
11:20 Feudal Age
12:32 Town Watch
14:08 Double-Bit Axe
20:15 Bloodlines
21:41 Wheelbarrow
23:46 Horse Collar
28:00 Castle Age
27:50 Stone Mining
29:42 Gold Mining
30:03 Heavy Plow
30:16 Bow Saw
31:24 Hand Cart
31:19 Husbandry
32:49 Scale Barding Armor
35:17 Gold Shaft Mining
35:04 Forging
34:48 Fletching
36:52 Chain Barding Armor
37:08 Iron Casting
39:08 Town Patrol
39:10 Bodkin Arrow
43:26 Imperial Age
41:21 Ballistics
42:40 Thumb Ring
43:01 Sipahi
43:56 Padded Archer Armor
45:46 Conscription
46:07 Guilds
46:49 Leather Archer Armor
47:24 Plate Barding Armor
48:27 Artillery
49:40 Blast Furnace
50:26 Parthian Tactics
49:23 Heavy Cavalry Archer
51:14 Leather Archer Armor
51:01 Scale Mail Armor
50:37 Heavy Camel Rider
51:30 Murder Holes
53:03 Two-Man Saw
54:06 Bombard Tower
61:40 Ring Archer Armor
61:50 Hoardings
61:00 Treadmill Crane
61:36 Masonry
64:53 Architecture
65:37 Bracer
65:54 Chain Mail Armor
65:40 Capped Ram
68:12 Plate Mail Armor
70:01 Arrowslits
70:07 Guard Tower
86:07 Siege Ram
86:20 Man-at-Arms
87:02 Squires
86:49 Arson
89:29 Keep
90:05 Long Swordsman
91:16 Two-Handed Swordsman
93:46 Champion
Connection lost

Rejoining the realm…

Still unreachable

The connection could not be restored.

Session expired

The server has moved on; the page needs a fresh start.